 Dungeon Crawl Stone Soup version 0.27-a0-1046-g98bf31544f (webtiles) character file.

Game seed: 16875424396746846558

10 spiderkeys the Skirmisher (level 2, 0/27 HPs)
             Began as a Hill Orc Abyssal Knight on Apr 19, 2021.
             Was an Initiate of Lugonu.
             Succumbed to an adder's poison
             ... on level 2 of the Dungeon.
             The game lasted 00:01:00 (305 turns).

spiderkeys the Skirmisher (Hill Orc Abyssal Knight)  Turns: 305, Time: 00:01:01

Health: 0/27       AC:  3    Str: 14    XL:     2   Next: 20%
Magic:  3/3        EV: 11    Int: 12    God:    Lugonu [......]
Gold:   35         SH:  0    Dex: 10    Spells: 1/1 levels left

rFire    . . .     SeeInvis .   a - +1 hand axe
rCold    . . .     Faith    .   (no shield)
rNeg     . . .     Spirit   .   b - +0 leather armour
rPois    .         Reflect  .   (no helmet)
rElec    .         Harm     .   (no cloak)
rCorr    .         Rampage  .   (no gloves)
Will     .....                  (no boots)
Stlth    +.........             (no amulet)
HPRegen  0.09/turn              (no ring)
MPRegen  0.08/turn              (no ring)

@: lethally poisoned (0 -> -1), about to teleport
A: no striking features
a: Renounce Religion


You were on level 2 of the Dungeon.
You worshipped Lugonu.
Lugonu was noncommittal.
You visited 1 branch of the dungeon, and saw 2 of its levels.
You visited the Abyss 1 time.

You collected 35 gold pieces.


   Skills:
 + Level 3.7 Fighting
 * Level 3.2 Axes
 + Level 2.3 Armour
 - Level 1.0 Dodging
 + Level 2.6 Invocations


You had one spell level left.
You didn't know any spells.
Your spell library was empty.

Inventory:

Hand Weapons
 a - a +1 hand axe (weapon)
Missiles
 e - 18 stones
Armour
 b - a +0 leather armour (worn)
 d - a +0 scale mail
   (You found it on level 2 of the Abyss)
Miscellaneous
 c - a lightning rod (3/4)
   (You found it on level 2 of the Abyss)

Dungeon Overview and Level Annotations

Branches:
Dungeon (1/15)

Altars:

#......#.#.###.#.#.....#
##......#.#.#
#.#.###.###.
#.......+.#.#
#........<..
........###†#
#..#####.###
........#...###........
..###.....###?..#.#####
..###.....+ +...+....
...##.....# #...##.##
...##.....# #...@...#
...##.....# ###.....#
...##.....# #......#
......#########....#.#
......# #....#....# .#
..#...####....#######.#
..+...'..'....'.......
.##...####....#######.
####### #......#


There were no monsters in sight!


Message History

Key pressed, stopping explore.
Key pressed, stopping explore.
A rat comes into view.
You closely miss the rat. The rat bites you. 😕 HP[-1]
You take 1 damage, and now have 18/19 hp.
You barely miss the rat. The rat bites you but does no damage.
You slash the rat!
You kill the rat!
Lugonu accepts your kill.
No target in view!
No target in view!
You see here a rat corpse.
Found a stone staircase leading down. 😎 HP[+1]
Your hp is fully restored (19).
You see here a +0 spear.
A rat comes into view.
The rat bites you.
Found a stone staircase leading up. 😕 HP[-2]
You take 2 damage, and now have 17/19 hp.
You slash the rat!
You kill the rat!
Lugonu accepts your kill. 😕 HP[+1] No target in view!
No target in view!
No target in view!
An adder comes into view.
The adder hisses angrily. 😎 HP[+1]
Your hp is fully restored (19).
You hit the adder. The adder closely misses you.
You miss the adder. The adder completely misses you.
The adder bites you. 😕 HP[-3]
You take 3 damage, and now have 16/19 hp.
You barely miss the adder. The adder closely misses you.
You hit the adder but do no damage. The adder bites you.
You are poisoned.
The adder poisons you!
The adder bites you but does no damage. 😮 HP[-2]
You take 2 damage, and now have 14/19 hp.
You are too injured to fight recklessly!
You are too injured to fight recklessly!
Unknown command.
You are too injured to fight recklessly!
You closely miss the adder.
You feel sick. The adder closely misses you. 😮 HP[-1]
You take 1 damage, and now have 13/19 hp.
You hit the adder.
You feel sick. The adder closely misses you. The adder bites you.
* * * LOW HITPOINT WARNING * * *
You are more poisoned.
The adder poisons you! 😨 HP[-4]
You take 4 damage, and now have 9/19 hp.
MASSIVE DAMAGE!! (PAUSE)
You miss the adder.
* * * LOW HITPOINT WARNING * * *
You feel sick. The adder bites you.
* * * LOW HITPOINT WARNING * * *
😨 HP[-4]
You take 4 damage, and now have 5/19 hp.
MASSIVE DAMAGE!! (PAUSE)
Aiming: Thunderbolt
Press: ? - help, Shift-Dir - straight line, f - adder
Aim: an adder (almost dead)
The thunderbolt hits the adder!
You kill the adder!
Lugonu accepts your kill.
* * * LOW HITPOINT WARNING * * *
You feel sick.
Training target 1.0 for Dodging reached!
Your Axes skill increases to level 3!
Your Dodging skill increases to level 1!
You have reached level 2! 😱 HP[-1] MP[+1]
You now have 27 max hp (+8).
Your mp is fully restored (3).
There is a lethal amount of poison in your body!
You aren't carrying any potions.
There is a lethal amount of poison in your body!
* * * LOW HITPOINT WARNING * * *
You feel sick. 😱 HP[-1]
You take 1 damage, and now have 3/27 hp.
* * * LOW HITPOINT WARNING * * *
You feel sick.
You see here a scroll labelled MILOVE ACZIE. 😱 HP[-1]
You take 1 damage, and now have 2/27 hp.
f - a scroll labelled MILOVE ACZIE
* * * LOW HITPOINT WARNING * * *
You feel sick. 😱 HP[-1]
You take 1 damage, and now have 1/27 hp.
As you read the scroll labelled MILOVE ACZIE, it crumbles to dust.
You feel strangely unstable.
It was a scroll of teleportation.
You die...

Skill      XL: |  1 |
---------------+----+-----
Axes           | 3 |  3.2
Dodging        | 1 |  1.0
Fighting       | |  3.7
Armour         | |  2.3
Invocations    | |  2.6

Action                   || total
-------------------------++-------
Melee: Hand axe          ||    11
Invok: Depart the Abyss  ||     1
Evoke: Lightning rod     ||     1
  Use: Scroll            ||     1
Armor: Leather armour    ||     2
Dodge: Dodged            ||     5

Levels and vault maps discovered:
D:1:      wander_arrival_fairy_ring, layout_loops_ring,
          shapermc_ecumenical_altar_mp_urbaneastern
D:2:      layout_basic, kennysheep_generic_room_2

Notes
Turn   | Place    | Note
-------+----------+-------------------------------------------
     0 | Abyss:1  | spiderkeys the Hill Orc Abyssal Knight began the quest for
                  | the Orb.
     0 | Abyss:1  | Reached XP level 1. HP: 19/19 MP: 2/2
     0 | Abyss:1  | magus.rc [v1.9.10]
   146 | Abyss:2  | Noticed a small abomination
   173 | Abyss:2  | Noticed a guardian serpent
   176 | Abyss:2  | Noticed a raiju
   177 | Abyss:2  | Noticed a raiju
   177 | Abyss:2  | Noticed a raiju
   177 | Abyss:2  | Noticed a raiju
   178 | D:1      | You pass through the gate.
   178 | D:1      | Escaped the Abyss
   191 | D:1      | You fall into a shaft and drop 1 floor!
   301 | D:2      | HP: 3/19 [poisoned by an adder]
   302 | D:2      | Reached skill level 3 in Axes
   302 | D:2      | Reached skill level 1 in Dodging
   302 | D:2      | Reached XP level 2. HP: 4/27 MP: 3/3
   304 | D:2      | HP: 1/27 [poisoned by an adder]
   305 | D:2      | Succumbed to an adder's poison

Vanquished Creatures
  An adder (D:2)
  2 rats (D:2)
3 creatures vanquished.

Table legend:
 A = Non-vault XP
 B = Vault XP
 C = Vault XP percentage of total XP
 D = Non-vault monster count
 E = Vault monster count
 F = Vault count percentage of total count
                 A         B        C        D         E       F
            +---------+---------+-------+---------+---------+-------
      Total |      15 |       0 |   0.0 |       3 |       0 |   0.0
            +---------+---------+-------+---------+---------+-------
        D:2 |      15 |       0 |   0.0 |       3 |       0 |   0.0
            +---------+---------+-------+---------+---------+-------

Illustrated notes

Table legend:
 A = Kills in this place as a percentage of kills in entire the game.
 B = Kills by you in this place as a percentage of kills by you in the entire game.
 C = Kills by friends in this place as a percentage of kills by friends in the entire game.
 D = Other kills in this place as a percentage of other kills in the entire game.
 E = Experience gained in this place as a percentage of experience gained in the entire game.
 F = Experience gained in this place divided by the number of levels of this place that you have seen.
                   A       B       C       D       E      F
               +-------+-------+-------+-------+-------+----------------------
         Total | 100.0 | 100.0 |   N/A |   N/A | 100.0 |   3.8
       Dungeon | 100.0 | 100.0 |   N/A |   N/A | 100.0 |   7.5
               +-------+-------+-------+-------+-------+----------------------

Table legend: (Time is in decaauts)
 A = Elapsed time spent in this place.
 B = Non-inter-level travel time spent in this place.
 C = Inter-level travel time spent in this place.
 D = Time resting spent in this place.
 E = Time spent auto-exploring this place.
 F = Levels seen in this place.
 G = Mean time per level.
                   A        B        C        D        E       F      G
               +--------+--------+--------+--------+--------+-----+--------+
         Total |    306 |    306 |      0 |      0 |    218 |   4 |   76.5 |
       Dungeon |    128 |    128 |      0 |      0 |    104 |   2 |   64.0 |
         Abyss |    177 |    177 |      0 |      0 |    114 |   2 |   88.5 |
               +--------+--------+--------+--------+--------+-----+--------+

Top non-repeatable levels by time:
 Abyss:1: 135 daAuts
     D:2: 115 daAuts
 Abyss:2: 42 daAuts
     D:1: 12 daAuts
